 Dungeon Crawl Stone Soup version 0.28.0-53-g5a82cb258f (webtiles) character file.

Game seed: 2631504077449671941

7 Zeld the Conjurer (level 1, -2/14 HPs)
             Began as a Draconian Conjurer on June 9, 2022.
             Slain by an adder (4 damage)
             ... on level 2 of the Dungeon.
             The game lasted 00:00:39 (306 turns).

Zeld the Conjurer (Draconian Conjurer)               Turns: 306, Time: 00:00:40

Health: -2/14      AC:  7    Str:  9    XL:     1   Next: 83%
Magic:  2/3        EV: 12    Int: 18    God:
Gold:   0          SH:  0    Dex:  9    Spells: 3/4 levels left

rFire   . . .      SeeInvis .   (no weapon)
rCold   . . .      Faith    .   (no shield)
rNeg    . . .      Spirit   .   (armour unavailable)
rPois   .          Reflect  .   (helmet restricted)
rElec   .          Harm     .   a - +2 cloak
rCorr   .          Rampage  .   (no gloves)
Will    .....                   (no boots)
Stlth   ++........              (no amulet)
HPRegen 0.04/turn               (no ring)
MPRegen 0.08/turn               (no ring)

@: no status effects
A: AC +4, unfitting armour, cold-blooded
a: no special abilities


You were on level 2 of the Dungeon.
You visited 1 branch of the dungeon, and saw 2 of its levels.

Inventory:

Armour
 a - a +2 cloak (worn)
Scrolls
 b - a scroll of vulnerability {unknown}


   Skills:
 - Level 1.7 Dodging
 - Level 1.7 Stealth
 + Level 2.1 Spellcasting
 + Level 4.0 Conjurations
 * Level 0.5 Hexes
 * Level 0.6 Translocations


You had 3 spell levels left.
You knew the following spells:

 Your Spells              Type           Power      Damage    Failure   Level
a - Magic Dart            Conj           64%        1d6       3%          1

Your spell library contained the following spells:

 Spells                   Type           Power      Damage    Failure   Level
 Searing Ray              Conj           32%        2d5       4%          2
 Dazzling Flash           Conj/Hex       20%        N/A       21%         3
 Fulminant Prism          Conj/Hex       5%         3d7       56%         4
 Iskenderun's Mystic Bla  Conj/Tloc      10%        2d4       56%         4


Dungeon Overview and Level Annotations

Branches:
Dungeon (2/15)

Altars:


Innate Abilities, Weirdness & Mutations

Your plain brown scales are hard. (AC +4)
You cannot fit into any form of body armour.
You are cold-blooded and may be slowed by cold attacks.


Message History

Found a scroll labelled YBAVAD DIHUISTERUS.
You start resting.
Magic restored.
You start resting.
An adder is nearby!
An adder is nearby!
An adder is nearby!
The magic dart hits the adder.
The adder is lightly wounded.
The adder hisses angrily.
Found 8 gold pieces.
Found a stone staircase leading up.
You miscast Magic Dart.
You are very lightly contaminated with residual magic.
Nothing appears to happen.
The magic dart hits the adder.
The adder is moderately wounded.
You are too depleted to draw on your mana recklessly!
The adder bites you but does no damage.
Your magical contamination has completely faded away.
The adder barely misses you.
You are too depleted to draw on your mana recklessly!
The adder hisses angrily.
The adder bites you but does no damage. The adder closely misses you.
The adder misses you.
The hobgoblin shouts!
The adder barely misses you. The adder barely misses you.
You barely miss the hobgoblin. The adder misses you. The adder bites you.
The adder barely misses you.
You hit the hobgoblin.
The hobgoblin is moderately wounded.
The hobgoblin closely misses you. The adder barely misses you.
The adder bites you. The hobgoblin completely misses you. The adder bites you.
* * * LOW HITPOINT WARNING * * *
The hobgoblin hits you but does no damage.
The adder bites you.
* * * LOW HITPOINT WARNING * * *
Found a golden ring.
The adder bites you.
You die...

######### ..## #.......#
...## #.......########
....# #.......#=......
....#####.......#.......
..............gS@.......
...............S#.......
.....#..................
........<...............
†..##...................
..###.....?.....####.###
### #............# .#
.## #............. # ..#
##...........


You could see 2 adders and a hobgoblin.

Vanquished Creatures
  2 goblins
  A hobgoblin (D:1)
  A jackal (D:2)
  A frilled lizard (D:1)
  A rat (D:1)
6 creatures vanquished.

Notes
Turn   | Place    | Note
-------+----------+-------------------------------------------
     0 | D:1      | Zeld the Draconian Conjurer began the quest for the Orb.
     0 | D:1      | Reached XP level 1. HP: 14/14 MP: 3/3
   306 | D:2      | Slain by an adder

Illustrated notes

Levels and vault maps discovered:
D:1:      minmay_arrival_glassed_features, layout_loops_ring
D:2:      layout_rooms, hellmonk_ecumenical_altar_slurped_away

Action                   || total
-------------------------++-------
Melee: Unarmed           ||    13
       Tailslap          ||     2
 Cast: Magic Dart        ||    14
Armor: Skin              ||     8
Dodge: Dodged            ||    29
